Map: Protocole central

Players

Worming

  • Race: Zerg Zerg
  • League: Diamond

Porter - Winner!

  • Race: Zerg Zerg
  • League: Diamond

VOD

Have the link to the VOD?

Description

Time

  • Played on: Nov. 27, 2015, 1:23 p.m.
  • Length: 9:44
Show
View Real Time Build Order
Export as new Build Order

Worming Zerg 

Build Orders: Pool First, Zergling Baneling 

Get SALT Encoding   

  12  0:01  Drone  
  13  0:08  Drone  
  14  0:20  Extractor  
  13  0:22  Drone  
  13  0:23  Drone, Extractor  
  15  0:38  Spawning Pool  
  14  0:46  Overlord  
  14  0:52  Drone, Extractor  
  15  1:12  Drone  
  15  1:16  Drone  
  17  1:24  Zergling x4  
  17  1:25  Queen  
  19  1:30  Metabolic Boost  
  21  1:48  Overlord  
  21  1:49  Drone  
  22  1:54  Baneling Nest  
  22  1:58  Zergling x2  
  22  2:07  Queen  
  24  2:16  Spine Crawler  
  23  2:31  Drone x3  
  26  2:37  Baneling x3  
  20  3:02  Baneling  
  20  3:12  Zergling x6  
  22  3:26  Zergling x8  
  19  3:41  Hatchery  
  16  4:10  Zergling x8  
  16  4:27  Zergling x2  
  16  4:29  Baneling x2  
  17  4:34  Drone  
  16  4:52  Baneling x2  
  16  5:01  Hatchery  
  16  5:02  Zergling x2  
  16  5:03  Zergling x6  
  18  5:21  Drone  
  19  5:29  Drone x3  
  22  5:36  Zergling x2  
  20  6:02  Baneling x3  
  20  6:04  Zergling x2  
  20  6:05  Zergling x6  
  24  6:28  Zergling x8  
  28  6:42  Baneling  
  28  6:43  Baneling x4  
  27  6:55  Drone x4  
  27  7:00  Drone  
  22  7:26  Lair  
  22  7:27  Drone x4  
  22  7:28  Drone  
  27  7:30  Baneling  
  27  7:31  Baneling  
  29  7:37  Drone x2  
  29  7:40  Extractor  
  28  8:00  Roach Warren  
  28  8:20  Drone x8  
  36  8:27  Extractor  
  36  8:28  Spire  
  36  8:30  Drone x2  
  36  8:33  Overlord  
  36  8:34  Overlord  
  36  8:44  Drone, Extractor  
  36  8:53  Drone  
  36  8:54  Drone x2  
  36  8:55  Drone x2  
  41  8:56  Queen  
  41  9:01  Baneling  
  43  9:06  Drone x2  
  45  9:20  Overlord  
  45  9:23  Zergling x2  
  45  9:24  Zergling x2  
Show
View Real Time Build Order
Export as new Build Order

Porter Zerg - Winner!

Build Orders: Pool First 

Get SALT Encoding   

  12  0:01  Drone  
  13  0:13  Extractor  
  12  0:24  Spawning Pool  
  11  0:29  Drone  
  12  0:36  Drone  
  12  0:38  Drone  
  14  0:51  Overlord  
  15  1:11  Zergling x4  
  15  1:13  Zergling x2  
  15  1:17  Metabolic Boost  
  17  1:23  Zergling x2  
  18  1:33  Overlord  
  18  1:42  Queen  
  18  1:45  Zergling x2  
  21  1:55  Zergling x2  
  22  2:05  Baneling Nest  
  22  2:07  Drone  
  22  2:17  Drone  
  22  2:45  Zergling x4, Spine Crawler  
  22  2:55  Zergling x8  
  26  3:07  Baneling x4  
  17  3:44  Zergling x12  
  23  4:08  Zergling x2  
  23  4:09  Zergling x2  
  22  4:32  Hatchery  
  14  4:48  Zergling x4  
  16  4:55  Drone  
  17  5:01  Drone  
  18  5:21  Zergling x4  
  17  5:26  Baneling  
  17  5:27  Baneling  
  15  5:53  Drone x4  
  18  6:05  Zergling x4  
  19  6:15  Drone  
  20  6:21  Drone x2  
  20  6:24  Baneling  
  22  6:26  Drone  
  22  6:31  Drone  
  24  6:34  Drone  
  24  6:37  Zergling x2  
  26  6:40  Baneling  
  26  6:54  Drone x4  
  26  6:55  Drone  
  26  6:56  Baneling  
  30  7:05  Drone x3  
  32  7:16  Drone x2  
  32  7:21  Queen  
  36  7:24  Overlord  
  36  7:38  Roach Warren  
  36  7:39  Drone, Overlord  
  36  7:43  Extractor  
  32  7:59  Drone x2  
  34  8:07  Overlord  
  34  8:09  Zergling x6  
  37  8:19  Roach x2  
  41  8:23  Roach, Extractor  
  42  8:29  Roach x2  
  42  8:30  Roach x2  
  50  8:38  Zergling x2  
  51  8:42  Overlord  
  51  8:43  Zergling x2  
  51  8:45  Zergling x6  
  55  8:54  Zergling x2  
  56  9:05  Baneling x6  
  56  9:06  Zergling x2  
  56  9:07  Zergling x8  
  61  9:15  Roach x3  
  67  9:18  Overlord  
Tags
 
Add a new tag
Caveats
  • Supply blocks, unpowered buildings, or Contaminate may cause inaccurate times.
  • Supply counts are checked every 10 seconds.